Map: Catalyst LE

Players

Lambo

  • Race: Zerg Zerg
  • Spawn Location: 5:00

Serral - Winner!

  • Race: Zerg Zerg
  • Spawn Location: 11:00

Event: WESG 2017 Haikou

VOD

Have the link to the VOD?

Description

Time

  • Played on: March 15, 2018, 11:07 p.m.
  • Length: 4:44

All games in this series

Show
View Real Time Build Order
Export as new Build Order

Lambo Zerg 

Build Orders: Hatch First 

Get SALT Encoding   

  12  0:01  Drone  
  13  0:13  Overlord  
  13  0:18  Drone  
  14  0:31  Drone x2  
  16  0:49  Hatchery  
  15  0:51  Drone  
  15  0:54  Drone  
  17  0:58  Drone  
  17  1:01  Extractor  
  17  1:15  Spawning Pool  
  17  1:17  Drone  
  17  1:20  Drone  
  18  1:30  Drone  
  19  1:42  Drone  
  20  1:53  Overlord  
  20  2:02  Queen x2  
  20  2:03  Metabolic Boost  
  20  2:05  Zergling x2  
  20  2:08  Zergling x2  
  26  2:15  Zergling x2  
  27  2:18  Zergling x2  
  28  2:23  Zergling x4  
  30  2:33  Overlord  
  30  2:36  Zergling x2  
  33  2:44  Zergling x4  
  35  2:54  Zergling x4  
  35  3:06  Drone x2  
  35  3:10  Drone x3  
  35  3:12  Drone  
  41  3:15  Drone  
  41  3:17  Hatchery  
  41  3:19  Drone  
  42  3:25  Drone x2  
  44  3:31  Baneling Nest  
  42  3:35  Drone  
  42  3:39  Zergling x4  
  41  3:46  Zergling x6  
  44  3:52  Zergling x2  
  43  3:57  Overlord  
  43  3:59  Overlord  
  43  4:01  Overlord  
  43  4:04  Overlord  
  43  4:13  Overlord  
  43  4:14  Overlord  
  43  4:15  Overlord  
  43  4:19  Zergling x4  
  43  4:23  Zergling x4  
  45  4:26  Zergling x2  
Show
View Real Time Build Order
Export as new Build Order

Serral Zerg - Winner!

Build Orders: Hatch First 

Get SALT Encoding   

  12  0:00  Drone  
  13  0:12  Overlord  
  13  0:17  Drone  
  14  0:31  Drone x2  
  14  0:34  Drone  
  17  0:51  Hatchery  
  17  0:54  Drone  
  17  0:58  Drone  
  17  1:03  Extractor  
  17  1:13  Spawning Pool  
  17  1:16  Drone  
  17  1:19  Drone  
  18  1:28  Drone  
  19  1:40  Overlord  
  19  1:49  Drone  
  20  1:59  Queen  
  23  2:01  Zergling x2  
  23  2:03  Metabolic Boost  
  23  2:04  Queen  
  23  2:08  Drone  
  26  2:11  Drone  
  26  2:14  Drone  
  28  2:22  Drone  
  29  2:25  Drone  
  30  2:36  Hatchery  
  29  2:39  Drone  
  29  2:40  Drone  
  29  2:43  Zergling x2  
  32  2:47  Overlord  
  31  2:59  Zergling x4  
  31  3:02  Baneling Nest  
  31  3:05  Zergling x2  
  33  3:08  Zergling x6  
  33  3:09  Zergling x2  
  37  3:16  Zergling x6  
  40  3:20  Overlord  
  40  3:28  Queen  
  40  3:32  Zergling x2  
  40  3:33  Zergling x2  
  44  3:42  Hatchery  
  44  3:43  Zergling x4  
  45  3:53  Zergling x2  
  45  3:54  Zergling x8  
  50  3:57  Baneling x4  
  50  4:02  Zergling x2  
  51  4:09  Overlord  
  51  4:15  Baneling x2  
Tags
 
Add a new tag
Caveats
  • Supply blocks, unpowered buildings, or Contaminate may cause inaccurate times.
  • Supply counts are checked every 10 seconds.